 Seeded DCSS version 0.28.0-53-g5a82cb258f (webtiles) character file.

Game seed: 11376294231417828559 (custom seed)

932 purpskrrrp the Chopper (level 8, -7/74 HPs)
             Began as an Ogre Fighter on June 23, 2022.
             Mangled by an orc wizard
             ... wielding a +1 dagger of electrocution
              (18 damage)
             ... on level 5 of the Dungeon.
             The game lasted 00:15:17 (5525 turns).

purpskrrrp the Chopper (Ogre Fighter)               Turns: 5525, Time: 00:15:17

Health: -7/74      AC: -13   Str: 25    XL:     8   Next: 11%
Magic:  8/8        EV:  9    Int:  9    God:
Gold:   211        SH:  7    Dex:  8    Spells: 7/7 levels left

rFire   x . .      SeeInvis .   a - +0 war axe
rCold   + . .      Faith    .   c - +0 kite shield
rNeg    . . .      Spirit   .   b - +0 robe
rPois   .          Reflect  .   (helmet restricted)
rElec   .          Harm     .   (no cloak)
rCorr   .          Rampage  .   (gloves unavailable)
Will    .....                   (boots unavailable)
Stlth   +.........              x - amulet of regeneration
HPRegen 1.02/turn               f - ring of ice
MPRegen 0.11/turn               (no ring)

@: corroded
A: large, unfitting armour, tough skin 1, frail 1, strong 1
a: no special abilities


You were on level 5 of the Dungeon.
You visited 1 branch of the dungeon, and saw 5 of its levels.

You collected 211 gold pieces.

Inventory:

Hand Weapons
 a - a +0 war axe (weapon)
 d - a +0 spear
 h - a +2 dagger of freezing
 q - a +1 vorpal hand axe
 s - a +0 morningstar
Missiles
 u - 10 poisoned darts (quivered)
Armour
 b - a +0 robe (worn)
 c - a +0 kite shield (worn)
 e - an orb of wrath
 y - a +0 helmet
Magical Staves
 o - a staff of conjuration
Jewellery
 f - a ring of ice (left hand)
 x - an amulet of regeneration (around neck)
Scrolls
 g - 3 scrolls of teleportation {unknown}
 i - a scroll of holy word {unknown}
 l - a scroll of acquirement {unknown}
 m - a scroll of fear {unknown}
 n - a scroll of immolation {unknown}
 p - a scroll of blinking {unknown}
 t - a scroll of fog {unknown}
 v - a scroll of enchant armour {unknown}
 z - a scroll of vulnerability {unknown}
Potions
 k - 2 potions of attraction


   Skills:
 + Level 6.2 Fighting
 + Level 6.5 Axes
 + Level 0.3 Throwing
 + Level 4.5 Dodging
 + Level 0.7 Stealth
 + Level 3.9 Shields


You had 7 spell levels left.
You didn't know any spells.
Your spell library was empty.

Dungeon Overview and Level Annotations

Branches:
Dungeon (5/15)
 Temple: D:4-7

Altars:
Nemelex Xobeh
Trog
Uskayaw


Innate Abilities, Weirdness & Mutations

You are too large for most types of armour.
You have tough skin. (AC +1)
You are frail. (-10% HP)
Your muscles are strong. (Str +2)


Message History

The orc throws a boomerang.
You block the boomerang.
The orc wizard hits you with a +1 dagger of electrocution.
* * * LOW HITPOINT WARNING * * *
You block the orc's attack.
The orc wizard gestures wildly while chanting.
The orc wizard flickers and vanishes!
Deactivating autopickup; reactivate with Ctrl-A.
The orc throws a boomerang.
The boomerang closely misses you.
You feel better.
You miss something. You block something's attack.
You hit the orc.
The orc is severely wounded.
The orc hits you with a +0 mace!
* * * LOW HITPOINT WARNING * * *
You closely miss the orc.
The orc is severely wounded.
The orc barely misses you.
You barely miss the orc.
The orc is severely wounded.
The orc closely misses you.
You hit the orc but do no damage.
The orc is severely wounded.
The orc completely misses you. You block the orc's attack.
You hit the orc but do no damage.
The orc is severely wounded.
A hound comes into view.
The orc closely misses you.
The hound barks!
You hit the orc but do no damage.
The orc is severely wounded.
The orc barely misses you.
You slash the orc!
You kill the orc!
You hit something but do no damage. You hit something but do no damage.
Something hits you.
* * * LOW HITPOINT WARNING * * *
Something hits you.
* * * LOW HITPOINT WARNING * * *
You are electrocuted!!
You die...

....)....).......#.###
###
.##########.......##
## #######.# ##.# #
#..# .. #..# ... #..#
o.o. #.## .....###@#
......o#)# ........o#
........o# .......#.#
.$.....#.# ......#..#
###### ..# ..#


You could see 2 orcs.

Vanquished Creatures
  2 black bears (D:4)
  An ogre (D:5)
  A centaur (D:5)
  A phantom (D:5)
  A scorpion (D:5)
  2 jellies
  4 hounds
  2 orc wizards
  A hound skeleton (D:4)
  7 gnolls (D:2)
  5 adders
  2 worms
  2 dart slugs
  6 orcs
  9 endoplasms
  4 giant cockroaches
  3 goblins (D:2)
  12 hobgoblins
  9 quokkas
  11 ball pythons
  3 bats
  6 frilled lizards
  A jackal skeleton (D:4)
  9 kobolds
  7 rats
111 creatures vanquished.

Vanquished Creatures (others)
  A plant (D:1)
1 creature vanquished.

Grand Total: 112 creatures vanquished

Notes
Turn   | Place    | Note
-------+----------+-------------------------------------------
     0 | D:1      | purpskrrrp the Ogre Fighter began the quest for the Orb.
     0 | D:1      | Reached XP level 1. HP: 24/24 MP: 1/1
   325 | D:1      | Reached XP level 2. HP: 32/32 MP: 2/2
   704 | D:1      | Reached XP level 3. HP: 40/40 MP: 3/3
   938 | D:1      | Found a faded altar of an unknown god.
  1121 | D:1      | Found a bloodstained altar of Trog.
  1687 | D:2      | Reached XP level 4. HP: 13/49 MP: 4/4
  2287 | D:2      | Reached XP level 5. HP: 35/55 MP: 5/5
  3480 | D:3      | Found a sparkling altar of Nemelex Xobeh.
  3483 | D:3      | Found a hide-covered altar of Uskayaw.
  3921 | D:4      | Reached skill level 5 in Fighting
  4049 | D:4      | Reached XP level 6. HP: 52/66 MP: 6/6
  4335 | D:4      | Noticed a black bear
  4355 | D:4      | Killed a black bear
  4598 | D:4      | Found a bloodstained altar of Trog.
  4598 | D:4      | Noticed a black bear
  4598 | D:4      | Noticed a black bear
  4989 | D:4      | Killed a black bear
  4990 | D:4      | Reached skill level 5 in Axes
  4990 | D:4      | Reached XP level 7. HP: 60/72 MP: 7/7
  5071 | D:5      | Entered Level 5 of the Dungeon
  5313 | D:5      | Gained mutation: You are frail. (-10% HP) [potion of
                  | mutation]
  5313 | D:5      | Gained mutation: Your muscles are strong. (Str +2) [potion
                  | of mutation]
  5414 | D:5      | Reached XP level 8. HP: 28/74 MP: 8/8
  5511 | D:5      | HP: 3/74 [acid (5)]
  5525 | D:5      | Mangled by an orc wizard

Illustrated notes

Levels and vault maps discovered:
D:1:      dpeg_arrival_water_altar, layout_loops_ring,
          dreamdust_ecumenical_altar_hidden_monk_grotto
D:2:      layout_basic, minmay_pentomino_pile
D:3:      layout_loops_ring, minitemple
D:4:      nicolae_cairo_tiling_very_big, layout_rooms, trog_ov_bears_minmay,
          minmay_fractal_squares_gapless_5
D:5:      layout_cave_pods, uniq_eustachio

Skill      XL: |  1  2  3  4  5  6  7 |
---------------+----------------------+-----
Shields        | 3 |  3.9
Dodging        | 3 4 |  4.5
Axes           | 3 4 5 6 |  6.5
Fighting       | 5 6 |  6.2
Throwing       | |  0.3
Stealth        | |  0.7

Action                   |  1- 3 |  4- 6 |  7- 9 || total
-------------------------+-------+-------+-------++-------
Melee: War axe           |   125 |   204 |    77 ||   406
Throw: Dart              |       |     2 |       ||     2
  Use: Potion            |       |     1 |     4 ||     5
       Scroll            |       |       |     3 ||     3
Armor: Robe              |    39 |    49 |    16 ||   104
Dodge: Dodged            |    58 |    83 |    32 ||   173
Block: Kite shield       |    60 |    68 |    25 ||   153
